 Dungeon Crawl Stone Soup version 0.20.1-1-g8b1a95d (webtiles) character file.

3357 Monsterracer the Martial Artist (level 10, -2/75 HPs)
             Began as a Barachi Transmuter on Oct 18, 2017.
             Was a Follower of Ru.
             Slain by an ice beast (12 damage)
             ... on level 7 of the Dungeon.
             The game lasted 00:13:19 (9869 turns).

Monsterracer the Martial Artist (BaTm)              Turns: 9869, Time: 00:13:20

Health: -2/75      AC:  5    Str: 12    XL:     10   Next: 3%
Magic:  6/14       EV: 13    Int: 19    God:    Ru [*.....]
Gold:   43         SH:  0    Dex: 13    Spells: 1/15 levels left

rFire    . . .     SeeInvis .     - Unarmed
rCold    . . .     Gourm    +   (shield currently unavailable)
rNeg     + . .     Faith    .   b - +0 robe
rPois    .         Spirit   .   y - +1 helmet
rElec    .         Reflect  .   (no cloak)
rCorr    .         Harm     .   (gloves currently unavailable)
MR       .....                  F - +0 pair of boots
Stlth    ++........             v - amulet of the gourmand
Regen    0.3/turn               D - ring of Generosity {rN+ MR- Slay+3 Stlth+}
MPRegen  0.2/turn               u - +3 ring of intelligence

@: blade hands, slow
A: +LOS, swims, slowness 1, missing an eye, strong legs 1
a: Hop, End Transformation, Renounce Religion


You were on level 7 of the Dungeon.
You worshipped Ru.
Ru was aware of your devotion.
You were hungry.
You had blades for hands.
You visited 1 branch of the dungeon, and saw 7 of its levels.

You collected 341 gold pieces.
You spent 298 gold pieces at shops.

Inventory:

Missiles
 a - 119 arrows
Armour
 b - a +0 robe (worn)
 m - a +1 pair of gloves (melded)
 y - a +1 helmet (worn)
 E - a +0 ring mail
 F - a +0 pair of boots (worn)
Jewellery
 k - an uncursed ring of protection from fire
 u - a +3 ring of intelligence (right scythe-like blade)
 v - an amulet of the gourmand (around neck)
 D - the ring of Generosity (left scythe-like blade) {rN+ MR- Slay+3 Stlth+}
   (You found it on level 6 of the Dungeon)

   [ring of stealth]

   It affects your accuracy and damage with ranged weapons and melee attacks
   (+3).
   It protects you from negative energy.
   It affects your resistance to hostile enchantments.
   It makes you more stealthy.
Wands
 x - a wand of flame (40/48)
Scrolls
 d - a scroll of fear
 e - a scroll of blinking
 g - 2 scrolls of magic mapping
 j - 4 scrolls of remove curse
 l - 5 scrolls of teleportation
 o - a scroll of amnesia
Potions
 h - a potion of flight {unknown}
 i - a potion of brilliance
 p - 3 potions of curing
 q - a potion of ambrosia {unknown}
 r - a potion of berserk rage {unknown}
 t - 2 potions of heal wounds {unknown}
 w - a potion of haste {unknown}
 A - a potion of invisibility {unknown}
 C - a potion of lignification {unknown}
Books
 B - a book of Air

   Spells                             Type                      Level
   a - Shock                          Conjuration/Air              1
   b - Swiftness                      Charms/Air                   2
   c - Static Discharge               Conjuration/Air              3
   d - Airstrike                      Air                          4
   e - Lightning Bolt                 Conjuration/Air              5
Comestibles
 f - 3 meat rations
 n - 3 bread rations
 s - 4 fruits
 z - 3 royal jellies


   Skills:
 + Level 5.6 Fighting
 + Level 3.7 Dodging
 * Level 10.1 Unarmed Combat
 - Level 3.0 Spellcasting
 * Level 9.8 Transmutations
 + Level 2.0 Ice Magic


You had one spell level left.
You knew the following spells:

 Your Spells              Type           Power        Failure   Level  Hunger
a - Ice Form              Ice/Tmut       ####....     52%         4    ####...
b - Sticks to Snakes      Tmut           #####...     11%         2    ##.....
c - Spider Form           Tmut/Pois      ###.......   36%         3    ###....
d - Blade Hands           Tmut           #####.....   38%         5    ######.


Dungeon Overview and Level Annotations

Branches:
Dungeon (7/15)             Temple (0/1) D:7

Altars:
Elyvilon
Gozag
Nemelex Xobeh
Ru
Yredelemnul
Zin

Shops:
D:4 ?   D:5 [


Innate Abilities, Weirdness & Mutations

Shadows flee at your approach. (+LOS)
You can swim through water.
You cover ground slowly.
You are missing an eye, making it more difficult to aim.
You can hop short distances.


Message History

You barely miss the phantom.
The phantom is almost destroyed.
The phantom hits you.
The phantom blinks!
Damage: -7%(-5hp) hp: 93%(63hp)
You swing at nothing.
You swing at nothing.
You punch the phantom!
You destroy the phantom!
You swing at nothing.
You swing at nothing.
HP restored.
An ugly thing and an ice beast come into view.
Found a bread ration and 17 poisoned needles.
An adder comes into view.
Casting: Blade Hands
Confirm with . or Enter, or press ? or * to list all spells.
Okay, then.
Casting: Blade Hands
Confirm with . or Enter, or press ? or * to list all spells.
Your hands turn into razor-sharp scythe blades.
Your +1 pair of gloves melds into your body.
You are feeling very hungry.
You shred the cyan ugly thing!!!
The cyan ugly thing is severely wounded.
You hear an angry hiss.
The cyan ugly thing trunk-slaps you! The cyan ugly thing shocks you!
A giant cockroach comes into view.
Huge Dmg: -32%(-22hp) hp: 68%(46hp)
You slash the cyan ugly thing!
The cyan ugly thing is almost dead.
A wyvern comes into view.
You slash the cyan ugly thing!
The cyan ugly thing is almost dead.
The cyan ugly thing trunk-slaps you but does no damage.
You slice the cyan ugly thing!!
You kill the cyan ugly thing!
Your Unarmed Combat skill increases to level 10!
Your Ice Magic skill increases to level 1!
You slice the adder!!
You kill the adder!
You hit the wyvern. You slash the wyvern!
The wyvern is heavily wounded.
The wyvern misses you.
You slash the wyvern!
You kill the wyvern!
You have reached level 10!
Unknown command.
You barely miss the giant cockroach.
Your transformation is almost over.
The giant cockroach barely misses you. x2
You barely miss the giant cockroach.
A killer bee zombie comes into view.
You completely miss the giant cockroach.
The giant cockroach bites you but does no damage.
You slice the giant cockroach!!
You kill the giant cockroach!
Things that are here:
a wyvern corpse; an ugly thing corpse You butcher the wyvern corpse.
Things that are here:
3 chunks of flesh; an ugly thing corpse Eat one of 3 chunks of flesh? (ye/n/q)
You eat one of the 3 chunks of flesh.
This raw flesh tastes great.
The killer bee zombie hits you.
Damage: -6%(-5hp) hp: 66%(49hp)
You miss the killer bee zombie. The killer bee zombie hits you.
Damage: -7%(-5hp) hp: 59%(44hp)
You completely miss the killer bee zombie.
You slash the killer bee zombie!!
The killer bee zombie is severely damaged.
Your hands revert to their normal proportions.
Your +1 pair of gloves unmelds from your body.
The killer bee zombie barely misses you.
The killer bee zombie misses you.
You punch the killer bee zombie!
You destroy the killer bee zombie!
Your Ice Magic skill increases to level 2!
You hit the ice beast but do no damage.
The ice beast hits you but does no damage.
You barely miss the ice beast. The ice beast hits you.
The ice beast freezes you!
* * * LOW HITPOINT WARNING * * *
Huge Dmg: -20%(-15hp) hp: 40%(30hp)
Casting: Blade Hands
Confirm with . or Enter, or press ? or * to list all spells.
Your hands turn into razor-sharp scythe blades.
Your +1 pair of gloves melds into your body.
You are feeling hungry.
The ice beast hits you.
* * * LOW HITPOINT WARNING * * *
The ice beast freezes you!
* * * LOW HITPOINT WARNING * * *
Huge Dmg: -22%(-17hp) hp: 18%(13hp) Unknown command.
You slash the ice beast!
The ice beast is moderately wounded.
The ice beast hits you.
* * * LOW HITPOINT WARNING * * *
The ice beast freezes you!
You die...

#
#.........###..................
#..##..........................
#..##...#######..###...........
###...#..##.. ##..####..####.#.
........## . ##..............
.......###( #. ###..#######..#.
.......# #.#.# ##.#.## ####...
.......# #...##..### ###..##..
.......# #.Y@...# ##..##.##.
.......# #...##...# #†#####.#.
.......# #.#.# ##..# #.#..##)#.
<......###% #. ##.## ##(## ##'.
........## . #..##..#.# ##.
.####....##.. ##.#####.# #. .#
##....### ##.##..## ##. .#
##.....# ##..### ##.. ...
##...## #### ##..#


You could see an ice beast.

Vanquished Creatures
  An ugly thing (D:7)
  Sigmund (D:2)
  A wyvern (D:7)
  2 ice beasts (D:7)
  3 orc warriors
  A phantom (D:7)
  3 ogres
  3 centaurs
  3 bullfrogs (D:6)
  3 scorpions
  A killer bee (D:7)
  4 howler monkeys
  A bullfrog zombie (D:7)
  2 orc priests
  A bullfrog skeleton (D:4)
  3 hounds
  Jessica (D:2)
  Ijyb (D:3)
  4 iguanas
  6 orc wizards
  10 worker ants
  2 killer bee zombies
  A hound skeleton (D:5)
  8 adders
  3 gnolls (D:6)
  3 oozes
  3 adder skeletons
  An adder zombie (D:7)
  6 worms
  5 dart slugs
  5 leopard geckos
  23 orcs
  2 ball pythons
  10 bats
  10 giant cockroaches
  6 goblins
  7 hobgoblins
  8 jackals
  7 frilled lizards
  11 kobolds
  A quokka zombie (D:7)
  15 rats
192 creatures vanquished.

Vanquished Creatures (collateral kills)
  An iguana (D:5)
1 creature vanquished.

Grand Total: 193 creatures vanquished

Notes
Turn   | Place    | Note
-------+----------+-------------------------------------------
     0 | D:1      | Monsterracer the Barachi Transmuter began the quest for the Orb.
     0 | D:1      | Reached XP level 1. HP: 15/15 MP: 3/3
    12 | D:1      | HP: 6/15 [dart slug/slug dart (4)]
    18 | D:1      | HP: 3/15 [bat (1)]
   320 | D:1      | Reached XP level 2. HP: 21/21 MP: 3/5
   507 | D:1      | HP: 10/21 [leopard gecko (3)]
   510 | D:1      | HP: 4/21 [leopard gecko (1)]
   515 | D:1      | Learned a level 2 spell: Sticks to Snakes
   948 | D:1      | Reached XP level 3. HP: 23/26 MP: 6/6
   953 | D:1      | Learned a level 3 spell: Spider Form
   995 | D:1      | Reached skill level 4 in Unarmed Combat
  1691 | D:2      | HP: 13/26 [rat (2)]
  1696 | D:2      | HP: 12/26 [rat (1)]
  1702 | D:2      | HP: 12/26 [rat (1)]
  1995 | D:1      | HP: 9/26 [worm (7)]
  2256 | D:2      | Reached XP level 4. HP: 32/32 MP: 7/7
  2269 | D:2      | Noticed Sigmund
  2293 | D:2      | Killed Sigmund
  2293 | D:2      | Reached skill level 5 in Unarmed Combat
  2293 | D:2      | Reached XP level 5. HP: 36/37 MP: 5/8
  2336 | D:2      | Noticed Jessica
  2344 | D:2      | HP: 16/37 [Jessica/nerve-wracking pain (13)]
  2348 | D:2      | Killed Jessica
  2348 | D:2      | Reached XP level 6. HP: 19/43 MP: 5/9
  2350 | D:2      | HP: 18/43 [bat (1)]
  2625 | D:2      | Found a white marble altar of Elyvilon.
  2629 | D:2      | Reached skill level 5 in Transmutations
  3431 | D:3      | Noticed Ijyb
  3440 | D:3      | Killed Ijyb
  3440 | D:3      | Reached skill level 6 in Unarmed Combat
  3542 | D:3      | Reached XP level 7. HP: 43/48 MP: 7/10
  3773 | D:3      | HP: 23/48 [centaur (9)]
  4023 | D:4      | Found Sividgh's Magic Scroll Shoppe.
  4038 | D:4      | Bought a scroll of blinking for 90 gold pieces
  4038 | D:4      | Bought a scroll of teleportation for 36 gold pieces
  4162 | D:4      | Reached skill level 7 in Unarmed Combat
  4295 | D:4      | Learned a level 5 spell: Blade Hands
  4529 | D:4      | Found a basalt altar of Yredelemnul.
  4931 | D:4      | HP: 18/49 [scorpion (9)]
  4936 | D:4      | HP: 13/50 [poisoned by a scorpion]
  4941 | D:4      | HP: 9/50 [poisoned by a scorpion]
  4946 | D:4      | HP: 7/50 [poisoned by a scorpion]
  4953 | D:4      | HP: 5/50 [poisoned by a scorpion]
  4960 | D:4      | HP: 4/50 [poisoned by a scorpion]
  4968 | D:4      | HP: 4/50 [poisoned by a scorpion]
  5362 | D:4      | HP: 25/50 [poisoned by a worker ant]
  5531 | D:5      | Entered Level 5 of the Dungeon
  5536 | D:5      | Reached XP level 8. HP: 56/56 MP: 7/11
  5816 | D:5      | HP: 28/57 [iguana (13)]
  6066 | D:5      | Found a sacrificial altar of Ru.
  6081 | D:5      | Became a worshipper of Ru the Awakened
  6137 | D:5      | Reached skill level 8 in Unarmed Combat
  6541 | D:5      | Found Riprow's Armour Shop.
  7614 | D:5      | Bought a +1 helmet for 172 gold pieces
  7707 | D:6      | HP: 30/60 [scorpion (5)]
  7708 | D:6      | HP: 11/60 [bullfrog (8)]
  7715 | D:6      | HP: 6/60 [iguana (11)]
  8014 | D:6      | Reached XP level 9. HP: 64/66 MP: 8/12
  8023 | D:6      | Reached skill level 9 in Unarmed Combat
  8318 | D:6      | Found an opulent altar of Gozag.
  8319 | D:6      | Found a sparkling altar of Nemelex Xobeh.
  8355 | D:6      | Got a smoking golden ring
  8366 | D:6      | Identified the ring of Generosity {rN+ MR- Slay+3 Stlth+} (You found it on level 6 of the Dungeon)
  8637 | D:6      | Gained mutation: You are missing an eye, making it more difficult to aim. [Ru sacrifice]
  8637 | D:6      | Reached * piety under Ru
  9031 | D:7      | Reached skill level 5 in Fighting
  9199 | D:6      | Found a glowing silver altar of Zin.
  9348 | D:7      | Found a basalt altar of Yredelemnul.
  9399 | D:7      | Learned a level 4 spell: Ice Form
  9421 | D:7      | Found a staircase to the Ecumenical Temple.
  9844 | D:7      | Noticed a cyan ugly thing
  9851 | D:7      | Killed a cyan ugly thing
  9851 | D:7      | Reached skill level 10 in Unarmed Combat
  9851 | D:7      | Reached skill level 1 in Ice Magic
  9854 | D:7      | Reached XP level 10. HP: 52/75 MP: 9/14
  9867 | D:7      | HP: 30/75 [ice beast (11)]
  9868 | D:7      | HP: 13/75 [ice beast (12)]
  9869 | D:7      | Slain by an ice beast

Skill      XL: |  1  2  3  4  5  6  7  8  9 10 |
---------------+-------------------------------+-----
Transmutations | 3 4 5 6 8 9 |  9.8
Unarmed Combat | 4 5 6 7 8 10 | 10.1
Fighting       | 2 4 5 |  5.6
Dodging        | 3 |  3.7
Spellcasting   | 3 |  3.0
Ice Magic      | 1 2 |  2.0

Action                   |  1- 3 |  4- 6 |  7- 9 | 10-12 || total
-------------------------+-------+-------+-------+-------++-------
Melee: Unarmed           |   134 |   122 |   397 |    10 ||   663
       Punch             |     1 |     1 |     5 |     1 ||     8
       Headbutt          |     1 |       |       |       ||     1
       Kick              |     1 |       |       |       ||     1
 Cast: Beastly Appendage |     4 |       |       |       ||     4
       Spider Form       |     4 |    11 |    28 |       ||    43
       Sticks to Snakes  |       |       |     2 |       ||     2
       Blade Hands       |       |       |     3 |     1 ||     4
Invok: Sacrifice an Eye  |       |       |     1 |       ||     1
  Use: Scroll            |       |       |    13 |       ||    13
       Potion            |       |       |     1 |       ||     1
 Stab: Sleeping          |       |       |     2 |       ||     2
  Eat: Chunk             |     3 |     7 |    20 |     1 ||    31
       Bread ration      |     1 |       |       |       ||     1
       Fruit             |       |       |     4 |       ||     4
Armor: Robe              |    30 |    14 |    41 |     2 ||    87
       Skin              |     2 |       |     5 |       ||     7
Dodge: Dodged            |   107 |    91 |   270 |     4 ||   472

Vault maps used:
D:1:      dpeg_arrival_houses_and_road, minmay_misc_feat_x
D:2:      old_standard_altar, minmay_pentomino_p4, uniq_jessica, uniq_sigmund
D:3:      uniq_ijyb
D:4:      kennysheep_mini, serial_shops, shop
D:5:      nicolae_ru_awakened_eye, first_bread, serial_shops,
          kennysheep_mini_moat
D:6:      lemuel_upstairs_altar, grunt_temple_overflow_opulence,
          grunt_ministairs_9
D:7:      minmay_the_grid_octo_triangle, temple_fountains,
          yredelemnul_altar_generic
